 Dungeon Crawl Stone Soup version 0.31-a0-459-gc8a9bf3d51 (webtiles) character file.

Game seed: 18091775913244869688

91 Ethylacetat the Insei (level 4, 0/24 HPs)
             Began as a Vine Stalker Monk on Aug 4, 2023.
             Slain by a gnoll
             ... wielding a +0 halberd
              (12 damage)
             ... on level 3 of the Dungeon.
             The game lasted 00:01:46 (1758 turns).

Ethylacetat the Insei (Vine Stalker Monk)           Turns: 1758, Time: 00:01:46

Health: 0/24       AC:  5    Str: 14    XL:     4   Next: 59%
Magic:  0/7        EV: 11    Int: 10    God:
Gold:   80         SH:  0    Dex: 18    Spells: 6/6 levels left

rFire   . . .        a - +6 dagger
rCold   . . .        c - orb {light}
rNeg    . . .        g - +0 ring mail
rPois   .            (no helmet)
rElec   .            (no cloak)
rCorr   .            (no gloves)
SInv    .            (no boots)
Will    .....        (no amulet)
Stlth   +            (no ring)
HPRegen 1.04/turn    (no ring)
MPRegen 0.10/turn

%: guardian spirit
@: glowing
A: fangs 2, regeneration 1, magic shield, antimagic bite, no potion heal 2
a: no special abilities


You were on level 3 of the Dungeon.
You visited 1 branch of the dungeon, and saw 3 of its levels.

You collected 80 gold pieces.

Inventory:

Hand Weapons
 a - a +6 dagger (weapon)
Armour
 c - an orb of light (worn)
 g - a +0 ring mail (worn)
Jewellery
 n - an amulet of regeneration
Scrolls
 d - a scroll of amnesia {unknown}
 f - a scroll of revelation {unknown}
 h - a scroll of teleportation {unknown}
 k - a scroll of fear {unknown}
Potions
 b - 2 potions of ambrosia
 e - 2 potions of might {unknown}
 i - a potion of brilliance {unknown}
 j - 2 potions of cancellation {unknown}
 l - a potion of curing {unknown}
 m - a potion of degeneration {unknown}


   Skills:
 + Level 3.4 Fighting
 * Level 1.5 Short Blades
 - Level 2.4 Dodging
 - Level 3.4 Unarmed Combat
 + Level 1.9 Spellcasting


You had 6 spell levels left.
You didn't know any spells.
Your spell library contained the following spells:

 Spells                   Type           Power      Damage    Failure   Level
 Ensorcelled Hibernation  Hex/Ice        0%         N/A       69%         2
 Anguish                  Hex/Necr       0%         N/A       100%        4


Dungeon Overview and Level Annotations

Branches:
Dungeon (3/15)

Altars:
Hepliaklqana
Xom


Innate Abilities, Weirdness & Mutations

You have extremely sharp teeth.
Your natural rate of healing is unusually fast.
When hurt, damage is shared between your health and your magic reserves.
Your bite disrupts and absorbs the magic of your enemies.
Potions cannot restore your health.


Message History

The gnoll barely misses you.
There are monsters nearby!
There are monsters nearby!
You hit the gnoll. You bite the gnoll. You drain its power.
The gnoll is severely wounded.
The gnoll misses you. The gnoll completely misses you.
There are monsters nearby!
You puncture the gnoll!
You kill the gnoll!
The gnoll hits you but does no damage.
Your life force feels restored.
A gnoll comes into view. It is wielding a +0 flail.
The gnoll shouts!
You hear a shout! x2
The gnoll hits you from afar with a +0 halberd.
The gnoll hits you but does no damage.
A hobgoblin comes into view.
The gnoll moves out of view.
Things that are here:
a +0 halberd; a gnoll corpse You puncture the gnoll!
You bite the gnoll, but do no damage.
The gnoll is heavily wounded.
The gnoll closely misses you. x2
You puncture the gnoll!
You kill the gnoll!
The gnoll hits you from afar with a +0 halberd!
You puncture the frilled lizard!
You kill the frilled lizard!
The gnoll barely misses you.
You see here a +0 spear.
You hit the gnoll but do no damage. The gnoll barely misses you.
The gnoll hits you with a +0 flail!
You are too injured to fight recklessly!
You are too injured to fight recklessly!
You are too injured to fight recklessly!
You are too injured to fight recklessly!
You hit the gnoll.
The gnoll is moderately wounded.
The gnoll hits you with a +0 halberd!
Ouch! That really hurt!
You die...

8###8 #.....###. #
#.# ##.####... ####..
#..#...##
######..##.#
.##...###. .#
##...#..## .. #..
#.###... .###......##
#.####...# ###...##
.##.......# ..#...#
#.#...#†# .##.......#
#ggg###...##.##.(.
.##..[....#
#@###l..#..#..#..#
.###.....## #)#...#
#.##.##.. .##....>..#
#.†.# ..#..#..
.##.......#### ##.##
#.##.###
.............####..#
#..#..#.
###......###....##.##
##.##... ##.....##
####..#..# ###.....##
#.....##
#####.####...#####.
#....##
#..#...####...#


You could see 2 gnolls and a hobgoblin.

Vanquished Creatures
  2 gnolls (D:3)
  An adder (D:3)
  2 worms (D:2)
  A dart slug (D:1)
  6 endoplasms
  A giant cockroach (D:3)
  4 hobgoblins
  3 quokkas
  4 ball pythons
  9 bats
  6 frilled lizards
  6 goblins
  7 kobolds
  3 rats
  A spectral goblin (D:3)
56 creatures vanquished.

Notes
Turn   | Place    | Note
-------+----------+-------------------------------------------
     0 | D:1      | Ethylacetat the Vine Stalker Monk began the quest for the
                  | Orb.
     0 | D:1      | Reached XP level 1. HP: 11/11 MP: 2/2
   137 | D:1      | Reached XP level 2. HP: 16/16 MP: 2/4
   284 | D:1      | Reached skill level 1 in Spellcasting
   633 | D:2      | Reached XP level 3. HP: 19/20 MP: 5/5
  1276 | D:3      | Found a shimmering altar of Xom.
  1320 | D:3      | Found a faded altar of an unknown god.
  1342 | D:3      | Reached skill level 1 in Short Blades
  1342 | D:3      | Gained mutation: Your natural rate of healing is unusually
                  | fast. [Vine Stalker growth]
  1342 | D:3      | Reached XP level 4. HP: 14/24 MP: 5/7
  1619 | D:3      | Found a hazy altar of Hepliaklqana.
  1758 | D:3      | Slain by a gnoll

Illustrated notes

Levels and vault maps discovered:
D:1:      dpeg_arrival_windows_large_door, layout_rooms
D:2:      layout_loops_ring, nicolae_underground_beach
D:3:      minmay_skewed_foursquare, layout_rooms, mainiacjoe_overflow_boulevard,
          nicolae_hepliaklqana_monster_ancestors, ebering_ecumenical_altar_rust,
          dk_noncrumbling_2

Skill      XL: |  1  2  3 |
---------------+----------+-----
Spellcasting   | 1 |  1.9
Fighting       | 3 |  3.4
Short Blades   | 1 |  1.5
Dodging        | |  2.4
Unarmed Combat | |  3.4

Action                     |  1- 3 |  4- 6 || total
---------------------------+-------+-------++-------
  Melee: Unarmed           |    67 |       ||    67
         Bite              |    19 |     9 ||    28
         Dagger            |    27 |    28 ||    55
 Armour: Robe              |    15 |       ||    15
         Ring mail         |     6 |     5 ||    11
  Dodge: Dodged            |    45 |    17 ||    62

Table legend: (Time is in decaauts)
 A = Elapsed time spent in this place.
 B = Non-inter-level travel time spent in this place.
 C = Inter-level travel time spent in this place.
 D = Time resting spent in this place.
 E = Time spent auto-exploring this place.
 F = Levels seen in this place.
 G = Mean time per level.
                   A        B        C        D        E       F      G
               +--------+--------+--------+--------+--------+-----+--------+
         Total |   1751 |   1726 |     25 |      0 |   1403 |   3 |  583.7 |
       Dungeon |   1751 |   1726 |     25 |      0 |   1403 |   3 |  583.7 |
               +--------+--------+--------+--------+--------+-----+--------+

Top non-repeatable levels by time:
     D:2: 714 daAuts
     D:1: 545 daAuts
     D:3: 491 daAuts
